 Dungeon Crawl Stone Soup version 0.21-a0-618-g6cbd37f (webtiles) character file.

2026 SpeedyPerson7 the Cleaver (level 9, -1/83 HPs)
             Began as a Minotaur Berserker on Dec 23, 2017.
             Was an Elder of Trog.
             Killed from afar by an electric eel (11 damage)
             ... with a bolt of electricity
             ... on level 8 of the Dungeon.
             The game lasted 00:03:21 (3437 turns).

SpeedyPerson7 the Cleaver (Minotaur Berserker)      Turns: 3437, Time: 00:03:22

Health: -1/83      AC:  8    Str: 22    XL:     9   Next: 3%
Magic:  0/8        EV:  8    Int:  4    God:    Trog [****..]
Gold:   277        SH:  0    Dex: 13    Spells: 8/8 levels left

rFire    . . .     SeeInvis .   v - +2 hand axe (vamp) {!w}
rCold    . . .     Gourm    .   (no shield)
rNeg     . . .     Faith    .   q - +0 chain mail
rPois    +         Spirit   +   (helmet restricted)
rElec    .         Reflect  .   (no cloak)
rCorr    .         Harm     .   (no gloves)
MR       +....                  (no boots)
Stlth    ..........             g - amulet of guardian spirit
HPRegen  0.23/turn              M - ring of protection from magic
MPRegen  0.11/turn              P - ring of poison resistance

@: lethally poisoned (-1 -> -22), berserk cooldown, slowed, very slow
A: retaliatory headbutt, horns 2
a: Berserk, Trog's Hand, Brothers in Arms, Burn Spellbooks, Renounce Religion


You were on level 8 of the Dungeon.
You worshipped Trog.
Trog was greatly pleased with you.
You were hungry.

You visited 1 branch of the dungeon, and saw 7 of its levels.

You collected 277 gold pieces.

Inventory:

Hand Weapons
 a - a +0 hand axe
 t - a +2 hand axe of flaming
 v - a +2 vampiric hand axe (weapon) {!w}
Missiles
 f - a throwing net (quivered) {!f}
Armour
 b - a +0 animal skin
 n - a +0 scale mail
 q - a +0 chain mail (worn)
Jewellery
 g - an amulet of guardian spirit (around neck)
 k - a +2 ring of dexterity
 y - a cursed ring of loudness {unknown}
 A - an uncursed ring of protection from magic
 E - a +4 ring of protection {unknown}
 H - an uncursed ring of fire {unknown}
 M - a ring of protection from magic (left hand)
 P - a ring of poison resistance (right hand)
Wands
 F - a wand of paralysis (9)
Scrolls
 d - 7 scrolls of identify {unknown}
 h - 3 scrolls of enchant weapon {unknown}
 i - 4 scrolls of amnesia {unknown}
 j - a scroll of blinking {unknown}
 l - 3 scrolls of enchant armour {unknown}
 r - 6 scrolls of remove curse
Potions
 c - a potion of cancellation {unknown}
 m - a potion of might {unknown}
 o - 3 potions of curing {unknown}
 p - a potion of agility {unknown}
 u - a potion of resistance {unknown}
 w - 3 potions of lignification {unknown}
 x - 2 potions of degeneration {unknown}
 z - a potion of invisibility {unknown}
 B - 2 potions of flight {unknown}
 C - a potion of berserk rage {unknown}
 D - a potion of ambrosia {unknown}
Books
 s - a book of Changes

   Spells                             Type                      Level
   a - Beastly Appendage              Transmutation                1
   b - Sticks to Snakes               Transmutation                2
   c - Spider Form                    Transmutation/Poison         3
   d - Ice Form                       Ice/Transmutation            4
   e - Blade Hands                    Transmutation                5
   Trog disapproves of the use of such an item.
Comestibles
 e - 6 rations


   Skills:
 + Level 9.0 Fighting
 * Level 11.8 Axes
 - Level 2.4 Armour
 - Level 2.1 Dodging


You had 8 spell levels left.
You didn't know any spells.

Dungeon Overview and Level Annotations

Branches:
Dungeon (8/15)             Temple (0/1) D:7
   Lair: D:8-11

Altars:
Ashenzari
Cheibriados
Dithmenos
Hepliaklqana
Vehumet
Yredelemnul


Innate Abilities, Weirdness & Mutations

You reflexively headbutt those who attack you in melee.
You have a pair of horns on your head.


Message History

You miss the killer bee.
The killer bee is heavily wounded.
You feel sick. The killer bee stings you.
* * * LOW HITPOINT WARNING * * *
You are more poisoned.
The killer bee poisons you! The killer bee stings you.
* * * LOW HITPOINT WARNING * * *
The electric eel shoots out a bolt of lightning at you!
The bolt of electricity hits you!
* * * LOW HITPOINT WARNING * * *
You hear a bark!
You miss the killer bee.
The killer bee is heavily wounded.
You feel sick. The killer bee closely misses you. The killer bee stings you.
* * * LOW HITPOINT WARNING * * *
You are more poisoned.
The killer bee poisons you!
The electric eel shoots out a bolt of lightning at you!
The bolt of electricity hits you!
You die...

#.#.................
#..........<#.......
#...........#.#8#...
#
.#..##.....#.###+..
#. #...#...).#..# #+
#..#........)...#
.......#.####.....#
.#.".............
#.y@....>.....##
.......†............
..........##....?...
..(......## .....##.
#...#..... ....
..).≈≈≈;≈≈. ....
≈..≈≈≈≈≈≈≈.
.≈≈≈≈≈≈≈≈≈..


You could see a killer bee and an electric eel.

Vanquished Creatures
  A two-headed ogre (D:8)
  A hippogriff (D:7)
  A water moccasin (D:8)
  An ice beast (D:6)
  3 ogres
  A centaur (D:7)
  A scorpion (D:4)
  4 killer bees (D:8)
  A howler monkey (D:6)
  A hound (D:6)
  2 orc priests (D:4)
  Jessica (D:3)
  Terence (D:2)
  An orc wizard (D:4)
  6 worker ants
  A howler monkey skeleton (D:4)
  5 adders
  A shadow imp (D:6)
  An adder skeleton (D:7)
  2 worms
  2 dart slugs
  2 leopard geckos (D:4)
  8 orcs
  3 giant cockroaches
  5 goblins
  5 hobgoblins
  12 jackals
  A quokka (D:6)
  A ball python (D:2)
  4 bats
  A frilled lizard (D:1)
  9 kobolds
  8 rats
97 creatures vanquished.

Notes
Turn   | Place    | Note
-------+----------+-------------------------------------------
     0 | D:1      | SpeedyPerson7 the Minotaur Berserker began the quest for the Orb.
     0 | D:1      | Reached XP level 1. HP: 19/19 MP: 0/0
    99 | D:1      | Reached skill level 4 in Axes
   108 | D:1      | Reached XP level 2. HP: 9/27 MP: 1/1
   452 | D:2      | Found a radiant altar of Vehumet.
   654 | D:2      | Reached ** piety under Trog
   656 | D:2      | Reached XP level 3. HP: 33/33 MP: 2/2
   799 | D:2      | Reached skill level 5 in Axes
   839 | D:2      | Noticed Terence
   844 | D:2      | Killed Terence
   844 | D:2      | Reached XP level 4. HP: 41/41 MP: 3/3
  1355 | D:3      | Noticed Jessica
  1652 | D:3      | Found a hazy altar of Hepliaklqana.
  1681 | D:3      | Found a shadowy altar of Dithmenos.
  1684 | D:3      | Found a snail-covered altar of Cheibriados.
  1687 | D:3      | Found a shattered altar of Ashenzari.
  1708 | D:3      | Killed Jessica
  1708 | D:3      | Reached skill level 5 in Fighting
  1708 | D:3      | Reached skill level 6 in Axes
  1708 | D:3      | Reached XP level 5. HP: 47/48 MP: 2/4
  2001 | D:4      | Reached skill level 7 in Axes
  2001 | D:4      | Reached XP level 6. HP: 52/56 MP: 3/5
  2079 | D:4      | Reached *** piety under Trog
  2118 | D:4      | Found a basalt altar of Yredelemnul.
  2448 | D:4      | Reached skill level 8 in Axes
  2598 | D:4      | You fall through a shaft for 2 floors!
  2611 | D:6      | Reached XP level 7. HP: 56/63 MP: 6/6
  2657 | D:6      | Reached skill level 9 in Axes
  3017 | D:7      | Found a staircase to the Ecumenical Temple.
  3051 | D:7      | Noticed a hippogriff
  3061 | D:7      | Killed a hippogriff
  3139 | D:7      | Reached XP level 8. HP: 73/73 MP: 7/7
  3409 | D:8      | Noticed a two-headed ogre
  3419 | D:8      | Killed a two-headed ogre
  3419 | D:8      | Reached skill level 11 in Axes
  3435 | D:8      | Reached XP level 9. HP: 24/83 MP: 3/8
  3435 | D:8      | Reached **** piety under Trog
  3437 | D:8      | Killed from afar by an electric eel

Vault maps used:
D:1:      minmay_arrival_radiant_lines, minmay_split_cup_small
D:2:      vehumet_crystals, uniq_terence
D:3:      lemuel_round_altar, grunt_temple_overflow_diamond, first_ration,
          uniq_jessica
D:4:      lemuel_crystal_altar, hangedman_decor_clover_reticule
D:6:      serial_shops, shop_statue, nicolae_ashenzari_panopticon
D:7:      minmay_temple_entry_glassed_door, the_bakery
D:8:      cheibrodos_statue_roulette, bloody_trog, erik_lair_island,
          serial_corexii_hall, corexii_hall_statues_s, corexii_hall_statues_x

Skill      XL: |  1  2  3  4  5  6  7  8 |
---------------+-------------------------+-----
Axes           | 4 5 6 7 8 9 11 | 11.8
Fighting       | 4 5 6 7 9 |  9.0
Armour         | |  2.4
Dodging        | |  2.1

Action                   |  1- 3 |  4- 6 |  7- 9 || total
-------------------------+-------+-------+-------++-------
Melee: Hand axe          |    80 |   120 |    73 ||   273
       Headbutt          |    10 |    25 |    19 ||    54
Invok: Berserk           |     1 |       |     1 ||     2
       Burn Spellbooks   |       |       |     2 ||     2
  Use: Scroll            |       |       |     1 ||     1
  Eat: Chunk             |       |     5 |     2 ||     7
       Ration            |       |     2 |       ||     2
Armor: Animal skin       |     7 |       |       ||     7
       Scale mail        |    16 |       |       ||    16
       Chain mail        |       |    58 |    40 ||    98
Dodge: Dodged            |    46 |    48 |    44 ||   138

Table legend:
 A = Spawn XP
 B = Non-spawn XP
 C = Spawn XP percentage of total XP
 D = Spawn monster count
 E = Non-spawn monster count
 F = Spawn count percentage of total count
 G = Total turns spent on level
                    A         B        C        D         E        F      G
               +---------+---------+-------+---------+---------+-------+---------
         Total |       0 |    2895 |   0.0 |       0 |      97 |   0.0 |  3437
               +---------+---------+-------+---------+---------+-------+---------
           D:1 |       0 |      29 |   0.0 |       0 |      18 |   0.0 |   444
           D:2 |       0 |     108 |   0.0 |       0 |      19 |   0.0 |   869
           D:3 |       0 |      73 |   0.0 |       0 |      13 |   0.0 |   475
           D:4 |       0 |     474 |   0.0 |       0 |      21 |   0.0 |   810
           D:6 |       0 |     406 |   0.0 |       0 |      14 |   0.0 |   268
           D:7 |       0 |     430 |   0.0 |       0 |       5 |   0.0 |   532
           D:8 |       0 |    1375 |   0.0 |       0 |       7 |   0.0 |    39
               +---------+---------+-------+---------+---------+-------+---------
